AoeStats
← stabmill

Oasis

509960288Analyzed
3v3 RM · 4d ago on Sep 28, 2026· 37m 5s· 6 players
Game mode
Random Map
Map size
Normal (6 player)
Population
200
Speed
Normal
Resources
Standard
Victory
Conquest
Starting age
Dark Age
Ending age
Imperial Age
RankedLock teamsTeams togetherTeam positionsShared explorationLock speedFull tech treeHidden civsTurbo modeCheats
Victory
Defeat
🇪🇸 Bohemians · Spain
943
+9
🇦🇷 Vietnamese · Argentina
823
+14
🇪🇸 Inca · Spain
623
+22
🇫🇷 Britons · France
838
-18
🇫🇷 Romans · France
800
-16
🇫🇷 Wei · France
670
-11
csurementmoi
0:33 Loom
13:53 Feudal Age
14:28 Double-Bit Axe
14:25 Horse Collar
24:38 Castle Age
22:49 Gold Mining
22:56 Stone Mining
25:49 Heavy Plow
27:16 Murder Holes
27:31 Fortified Wall
27:42 Ballistics
28:49 Gold Shaft Mining
28:31 Bow Saw
33:18 Imperial Age
31:59 Scale Mail Armor
32:09 Forging
32:12 Squires
31:35 Man-at-Arms
33:45 Chain Mail Armor
34:06 Iron Casting
32:55 Long Swordsman
33:54 Legionary
37:51 Blast Furnace
Vachekirit
9:03 Loom
11:37 Feudal Age
17:30 Castle Age
15:48 Horse Collar
16:13 Double-Bit Axe
23:34 Bow Saw
23:30 Heavy Plow
24:28 Town Watch
25:09 Fletching
27:36 Caravan
30:29 Imperial Age
28:43 Fletching
29:00 Gold Mining
29:38 Fortified Wall
29:50 Ballistics
31:43 Bodkin Arrow
31:49 Padded Archer Armor
31:26 Pikeman
32:07 Squires
31:53 Arson
31:34 Crossbowman
32:04 Elite Longbowman
33:55 Wheelbarrow
34:03 Leather Archer Armor
33:53 Bracer
34:01 Halberdier
ragnarrauxbraies
2:27 Loom
13:01 Feudal Age
14:02 Double-Bit Axe
14:44 Horse Collar
15:00 Stone Mining
17:41 Wheelbarrow
19:53 Gold Mining
24:08 Castle Age
21:56 Town Watch
23:47 Fletching
24:13 Forging
24:11 Scale Barding Armor
24:19 Bloodlines
25:10 Husbandry
25:26 Heavy Plow
25:48 Bow Saw
26:46 Gold Shaft Mining
26:49 Stone Shaft Mining
27:44 Caravan
27:44 Town Watch
stabmill
12:03 Feudal Age
20:31 Castle Age
18:31 Double-Bit Axe
18:31 Horse Collar
20:04 Gold Mining
20:07 Stone Mining
21:27 Bow Saw
21:20 Heavy Plow
24:28 Loom
25:19 Wheelbarrow
24:38 Fletching
24:49 Padded Archer Armor
26:44 Bodkin Arrow
27:04 Leather Archer Armor
28:40 Caravan
29:15 Coinage
29:31 Elite Skirmisher
30:15 Scale Mail Armor
35:10 Imperial Age
32:28 Town Watch
34:11 Hand Cart
34:46 Leather Archer Armor
35:24 Stone Shaft Mining
35:25 Thumb Ring
35:45 Ballistics
35:43 Masonry
36:59 Two-Man Saw
36:41 Crop Rotation
37:47 Chemistry
36:48 Murder Holes
36:34 Treadmill Crane
36:35 Imperial Skirmisher
aaroncete3666
12:05 Feudal Age
15:37 Castle Age
14:01 Double-Bit Axe
14:29 Horse Collar
14:37 Loom
18:13 Bow Saw
18:41 Wheelbarrow
20:30 Heavy Plow
25:55 Coinage
25:28 Caravan
28:24 Hand Cart
33:33 Imperial Age
33:19 Chemistry
33:51 Fletching
34:01 Padded Archer Armor
34:12 Forging
34:07 Scale Barding Armor
34:02 Murder Holes
33:43 Houfnice
35:59 Two-Man Saw
Señor Swansong
4:54 Loom
7:05 Loom
9:06 Feudal Age
10:21 Double-Bit Axe
10:31 Gold Mining
11:41 Wheelbarrow
21:08 Horse Collar
21:21 Stone Mining
22:19 Padded Archer Armor
22:10 Fletching
26:41 Forging
26:33 Scale Mail Armor
26:12 Champi Runner
31:04 Castle Age
33:32 Caravan
Connection lost

Rejoining the realm…

Still unreachable

The connection could not be restored.

Session expired

The server has moved on; the page needs a fresh start.